 Dungeon Crawl Stone Soup version 0.27-a0-1565-gad902ab807 (webtiles) character file.

Game seed: 13918156434410336239

198 Leszczynek the Skirmisher (level 6, -2/51 HPs)
             Began as a Human Gladiator on July 16, 2021.
             Slain by an ogre (9 damage)
             ... on level 4 of the Dungeon.
             The game lasted 00:08:42 (1171 turns).

Leszczynek the Skirmisher (Human Gladiator)         Turns: 1171, Time: 00:08:43

Health: -2/51      AC:  5    Str: 15    XL:     6   Next: 6%
Magic:  6/6        EV: 12    Int:  9    God:
Gold:   67         SH:  0    Dex: 15    Spells: 5/5 levels left

rFire    . . .     SeeInvis .   c - +1 short sword (elec)
rCold    . . .     Faith    .   (no shield)
rNeg     . . .     Spirit   .   b - +0 leather armour
rPois    .         Reflect  .   h - +0 helmet
rElec    .         Harm     .   p - +0 cloak
rCorr    .         Rampage  .   (no gloves)
Will     .....                  (no boots)
Stlth    +.........             (no amulet)
HPRegen  0.17/turn              (no ring)
MPRegen  0.10/turn              (no ring)

@: no status effects
A: no striking features
a: no special abilities


You were on level 4 of the Dungeon.
You visited 1 branch of the dungeon, and saw 4 of its levels.
You also visited: Ossuary.

You collected 67 gold pieces.

Inventory:

Hand Weapons
 a - a +0 war axe
 c - a +1 short sword of electrocution (weapon)
 o - a +3 quarterstaff of chaos
Missiles
 d - 2 throwing nets
 f - 18 stones (quivered)
Armour
 b - a +0 leather armour (worn)
 h - a +0 helmet (worn)
 p - a +0 cloak (worn)
Wands
 m - a wand of charming (12)
Scrolls
 e - a scroll of identify {unknown}
 i - a scroll of summoning {unknown}
 j - 2 scrolls of teleportation {unknown}
Potions
 g - a potion of berserk rage {unknown}
 k - a potion of degeneration {unknown}
 l - 2 potions of haste {unknown}
 n - 3 potions of curing {unknown}


   Skills:
 + Level 5.0 Fighting
 - Level 4.1 Axes
 - Level 2.0 Throwing
 - Level 3.0 Dodging


You had 5 spell levels left.
You didn't know any spells.
Your spell library contained the following spells:

 Spells                   Type           Power      Damage    Failure   Level
 Ozocubu's Armour         Ice            0%         N/A       83%         3
 Tukima's Dance           Hex            0%         N/A       83%         3
 Passage of Golubria      Tloc           N/A        N/A       99%         4
 Yara's Violent Unravell  Hex/Tmut       0%         3d3       100%        5
 Ozocubu's Refrigeration  Ice            0%         4d5       100%        7


Dungeon Overview and Level Annotations

Branches:
Dungeon (4/15)            Ossuary (visited)
 Temple: D:4-7

Altars:
Trog


Message History

Throw: 22 stones
Press: ? - help, Q - select action, (/) - cycle Shift-Dir - straight line, f - ogre
Aim: an ogre, wielding a +0 giant club (76% to hit)
You throw a stone.
The stone hits the ogre but does no damage.
Throw: 21 stones
Press: ? - help, Q - select action, (/) - cycle Shift-Dir - straight line, f/p - ogre
Aim: an ogre, wielding a +0 giant club (76% to hit)
You throw a stone. The stone hits the ogre.
The ogre is lightly wounded.
Throw: 20 stones
Press: ? - help, Q - select action, (/) - cycle Shift-Dir - straight line, f/p - ogre
Aim: an ogre, wielding a +0 giant club (lightly wounded, 76% to hit)
You throw a stone. The stone barely misses the ogre.
Throw: 19 stones
Press: ? - help, Q - select action, (/) - cycle Shift-Dir - straight line, f/p - ogre
Aim: an ogre, wielding a +0 giant club (lightly wounded, 76% to hit)
You throw a stone. The stone hits the ogre.
The ogre is lightly wounded.
You are already wielding that!
You hit the ogre.
The ogre is moderately wounded.
The ogre misses you.
You completely miss the ogre.
The ogre is moderately wounded.
The ogre barely misses you.
You completely miss the ogre.
The ogre is moderately wounded.
The ogre hits you with a +0 giant club!!
Ouch! That really hurt!
* * * LOW HITPOINT WARNING * * *
You hit the ogre but do no damage.
The ogre is moderately wounded.
Your leather armour prevents you from hitting the ogre.
The ogre is moderately wounded.
The ogre closely misses you.
You hit the ogre but do no damage. Lightning courses through the ogre!!
The ogre is almost dead.
The ogre hits you with a +0 giant club!
You die...

##...###......### #...##
#....#.....#...# #....# #
#.........###..# #+..'# #
#.........###..###....#####
##........##..##......#....
#........##.###.....####..
##......##.## ##....# #..
#...####..# #....# #.. ####
#.@## #....# #.. #O##
#....# ### #.. #....# .(..
#....# ..... ##...# ....(..
#...# ....(.. #...# .((....
#...#### #......#


You could see an ogre.

Vanquished Creatures
  A scorpion (D:4)
  Crazy Yiuf (D:4)
  2 ogre zombies (Ossuary)
  A hound skeleton (D:4)
  An adder (D:4)
  2 adder zombies (Ossuary)
  A worm (D:4)
  A dart slug (D:1)
  An orc (D:3)
  7 endoplasms
  A giant cockroach (D:4)
  2 hobgoblins
  4 jackals (D:1)
  3 kobolds
  2 quokkas (D:1)
  3 ball pythons
  2 bats
  4 goblins
  A goblin zombie (Ossuary)
  2 hobgoblin zombies (Ossuary)
  A quokka zombie (Ossuary)
  3 rats
  2 rat zombies (Ossuary)
48 creatures vanquished.

Notes
Turn   | Place    | Note
-------+----------+-------------------------------------------
     0 | D:1      | Leszczynek the Human Gladiator began the quest for the Orb.
     0 | D:1      | Reached XP level 1. HP: 16/16 MP: 1/1
   100 | D:1      | Reached XP level 2. HP: 11/22 MP: 2/2
   135 | D:1      | HP: 3/22 [frozen (2)]
   284 | D:1      | Reached skill level 4 in Axes
   284 | D:1      | Reached XP level 3. HP: 17/27 MP: 3/3
   465 | D:2      | Found a faded altar of an unknown god.
   489 | D:3      | Found a bloodstained altar of Trog.
   495 | D:3      | hmm
   621 | D:4      | Reached XP level 4. HP: 23/34 MP: 4/4
   684 | D:4      | Reached skill level 3 in Fighting
   713 | D:4      | Found a runed translucent door.
   714 | D:4      | Noticed Crazy Yiuf
   720 | D:4      | Killed Crazy Yiuf
   861 | D:4      | Noticed a scorpion
   966 | D:4      | Killed a scorpion
   967 | D:4      | Reached skill level 4 in Fighting
   967 | D:4      | Reached XP level 5. HP: 40/43 MP: 5/5
  1003 | D:4      | Found a sand-covered staircase.
  1010 | Ossuary  | Entered an ossuary
  1081 | Ossuary  | Reached skill level 5 in Fighting
  1081 | Ossuary  | Reached XP level 6. HP: 35/51 MP: 6/6
  1160 | D:4      | Noticed an ogre
  1168 | D:4      | Ouch! That really hurt!
  1168 | D:4      | HP: 7/51 [ogre (29)]
  1171 | D:4      | Slain by an ogre

Illustrated notes

### +..# ##...#
##....##
##._...########.#
##...)@........#
##...####.#####.
#^.. #.#
#########.#
#...<..# ########


Turn 495 on D:3: hmm

Levels and vault maps discovered:
D:1:      lightli_arrival_statuegarden, layout_loops_ring,
          minmay_misc_feat_four_crosses, minmay_tetromino_i2
D:2:      layout_basic, ebering_ecumenical_altar_sacrificial,
          hangedman_decor_diamond_cutter, moated_statue,
          kennysheep_generic_room_14
D:3:      layout_loops_ring, trog_butcher_becter, gammafunk_ghost_arena
D:4:      layout_cave_pods, enter_ossuary_5, uniq_crazy_yiuf_cottage

Skill      XL: |  1  2  3  4  5 |
---------------+----------------+-----
Axes           | 4 |  4.1
Fighting       | 4 5 |  5.0
Throwing       | |  2.0
Dodging        | |  3.0

Action                   |  1- 3 |  4- 6 || total
-------------------------+-------+-------++-------
Melee: War axe           |    50 |       ||    50
       Short sword       |    25 |    73 ||    98
       Quarterstaff      |       |     3 ||     3
Throw: Throwing net      |     4 |     1 ||     5
       Stone             |     4 |    11 ||    15
 Stab: Sleeping          |     1 |     1 ||     2
Armor: Leather armour    |    29 |    12 ||    41
Dodge: Dodged            |    40 |    40 ||    80

Table legend: (Time is in decaauts)
 A = Elapsed time spent in this place.
 B = Non-inter-level travel time spent in this place.
 C = Inter-level travel time spent in this place.
 D = Time resting spent in this place.
 E = Time spent auto-exploring this place.
 F = Levels seen in this place.
 G = Mean time per level.
                   A        B        C        D        E       F      G
               +--------+--------+--------+--------+--------+-----+--------+
         Total |   1208 |   1144 |     64 |      0 |      0 |   5 |  241.6 |
       Dungeon |   1073 |   1009 |     64 |      0 |      0 |   4 |  268.2 |
       Ossuary |    134 |    134 |      0 |      0 |      0 |   1 |  134.0 |
               +--------+--------+--------+--------+--------+-----+--------+

Top non-repeatable levels by time:
     D:4: 433 daAuts
     D:1: 337 daAuts
     D:2: 174 daAuts
 Ossuary: 134 daAuts
     D:3: 128 daAuts
